Cogmind - Beta 9.4 @@@ ROGUE MODE // 2020.02.01 @ 10:18:26 Player: PabloBot Result: Destroyed by G-47 Trooper with Particle Gun Performance ------------- Evolutions (2) 1000 Regions Visited (5) 1000 Robots Destroyed (48) 240 Value Destroyed (1692) 1692 Prototype IDs (1) 20 Alien Tech Used (0) 0 Bonus (11) 11 TOTAL SCORE: 3963 Bonus ------- High Alert Combat Kills 11 Cogmind --------- Core Integrity 0/550 Matter 157/300 Energy 160/160 System Corruption 8% Temperature Cool (9) Movement Hovering (180) Ox2 Location -8/Storage Parts ------- > --- POWER (1) -------- Light Nuclear Core > --- PROPULSION (4) --- Gravmag System > --- UTILITY (4) ------ Improved Heat Sink Large Storage Unit Structural Scanner > --- WEAPON (2) ------- (None) > --- INVENTORY (10) --- Aluminum Leg Maneuvering Thrusters Peak State ------------ > --- POWER ------------ Reinforced Ion Engine > --- PROPULSION ------- Xenon Bombardment Thruster Xenon Bombardment Thruster Xenon Bombardment Thruster Xenon Bombardment Thruster > --- UTILITY ---------- Small Storage Unit Large Storage Unit Armor Integrity Analyzer Drone Bay > --- WEAPON ----------- Shock Rifle Light Assault Rifle > --- INVENTORY -------- Light Nuclear Core Gravmag System Gravmag System Gravmag System Gravmag System Improved Heat Sink Structural Scanner Maneuvering Thrusters Reflective Plating Shock Rifle High-powered Shotgun Mining Laser [Rating: 34] Favorites ----------- Power Ion Engine Engine Ion Engine Power Core Light Nuclear Core Propulsion Aluminum Leg Leg Aluminum Leg Hover Unit Gravmag System Flight Unit Xenon Bombardment Thruster Utility Small Storage Unit Device Structural Scanner Storage Small Storage Unit Processor Armor Integrity Analyzer Protection Reflective Plating Weapon Light Assault Rifle Energy Gun Improved EM Shotgun Energy Cannon Light EM Pulse Cannon Ballistic Gun Light Assault Rifle Ballistic Cannon Light Cannon Launcher Rocket Launcher Special Weapon Mining Laser Build | -11 -10 -10 -9 -8 -8 ------- Run | Scr Mat Min Mat Mat Sto Slots Evolved 4 | . . . 2 2 . Power . | . . . . . . Propulsion 2 | . . . 1 1 . Utility 2 | . . . 1 1 . Weapon . | . . . . . . Parts Attached 74 | 4 3 6 18 22 21 Power 7 | 1 . . 3 2 1 Engine 6 | 1 . . 3 2 . Core 1 | . . . . . 1 Reactor . | . . . . . . Propulsion 24 | . 2 4 3 11 4 Treads . | . . . . . . Leg 12 | . 2 4 3 3 . Wheel . | . . . . . . Hover 8 | . . . . 4 4 Flight 4 | . . . . 4 . Utility 19 | 1 1 . 4 2 11 Device 13 | . 1 . 1 1 10 Storage 3 | 1 . . 2 . . Processor 1 | . . . . 1 . Hackware . | . . . . . . Protection 2 | . . . 1 . 1 Artifact . | . . . . . . Weapon 24 | 2 . 2 8 7 5 Energy Gun 8 | . . 1 3 2 2 Energy Cannon 2 | . . . . 2 . Ballistic Gun 7 | 2 . 1 1 1 2 Ballistic Cannon 1 | . . . 1 . . Launcher 3 | . . . 1 2 . Special Weapon 3 | . . . 2 . 1 Impact Weapon . | . . . . . . Slashing Weapon . | . . . . . . Piercing Weapon . | . . . . . . Special Melee Weapon . | . . . . . . Unidentified Prototypes 1 | . . . 1 . . Parts Lost 25 | . . . 3 7 15 Power 2 | . . . . 1 1 Propulsion 10 | . . . . 4 6 Utility 6 | . . . 1 1 4 Weapon 7 | . . . 2 1 4 Highest Loss Streak 13 | . . . 2 3 13 Average Slot Usage (%) 86 | . 62 100 98 84 83 Engine 10 | . 14 14 11 7 7 Leg 17 | . 1 28 33 15 . Hover 1 | . . . . 5 2 Flight 4 | . . . . 4 28 Device 8 | . 4 14 11 8 7 Storage 17 | . 14 14 20 18 16 Processor 3 | . . . . 8 7 Energy Gun 5 | . . 6 10 4 5 Energy Cannon 1 | . . . . 4 . Ballistic Gun 9 | . 28 21 4 2 6 Ballistic Cannon 2 | . . . 2 6 . Launcher 1 | . . . 3 . . Naked Turns . | . . . . . . Heaviest Build 40 | 11 12 15 34 38 40 Greatest Support 44 | 3 20 20 30 44 33 Greatest Overweight (x) 8 | 3 3 . 1 8 2 Average Overweight (x) 1 | 2 2 . 1 1 1 Largest Inventory Capacity 12 | 6 6 6 12 12 12 Average Capacity 9 | 5 6 6 11 12 11 Most Carried 12 | 4 6 6 12 12 12 Average Carried 7 | 3 4 5 8 11 10 Final Capacity 12 | 6 6 6 12 12 10 Final Carried 12 | 4 3 6 12 12 2 Class Distribution -------------------- 86% | Mutant 13% | Scavenger-Mutant Dominant Class ---------------- Mutant | -10/Materials Mutant | -10/Mines Mutant | -9/Materials Mutant | -8/Materials Mutant | -8/Storage Resources | -11 -10 -10 -9 -8 -8 ----------- Run | Scr Mat Min Mat Mat Sto Matter Collected 1153 | 231 . 119 197 388 218 Remotely . | . . . . . . Salvage Created 1585 | . . 211 462 664 248 Parts 90 | . . 7 40 29 14 Haulers Intercepted . | . . . . . . Recyclers Shooed 2 | . . 1 . . 1 Parts Field Recycled . | . . . . . . Retrieved Matter . | . . . . . . Parts Self-Destructed . | . . . . . . Prevented . | . . . . . . Kills | -11 -10 -10 -9 -8 -8 ------- Run | Scr Mat Min Mat Mat Sto Combat Hostiles Destroyed 39 | . . 4 16 14 5 Guns 17 | . . 4 6 2 5 Cannons 7 | . . . 3 4 . AOE 15 | . . . 7 8 . Classes Destroyed 9 | . . 2 5 2 . Worker 2 | . . 1 1 . . Builder 2 | . . . 1 1 . Recycler 2 | . . . . 2 . Operator 1 | . . . 1 . . Watcher 2 | . . . 1 1 . Swarmer 4 | . . . 4 . . Grunt 26 | . . 4 8 11 3 Brawler 1 | . . . . 1 . Sentry 8 | . . . 4 2 2 Best Kill Streak 9 | . . 3 9 9 3 Combat Bots Only 8 | . . 2 6 8 3 Max Kills in Single Turn 2 | . . 1 2 2 1 Gunslinging . | . . . . . . Exploded 2 | . . . 2 2 . Melee . | . . . . . . Uniques/NPCs Destroyed . | . . . . . . Combat | -11 -10 -10 -9 -8 -8 -------- Run | Scr Mat Min Mat Mat Sto Damage Taken 3042 | . . 188 631 951 1272 Core 680 | . . 21 103 170 386 Absorbed by Shields . | . . . . . . Core Remaining (%) 88 | 100 . 91 74 . . Volleys Fired 110 | . . 15 28 49 18 Largest 2 | . . 2 2 2 2 Hottest 165 | . . 40 165 91 100 Shots Fired 192 | . . 30 48 94 20 Gun 119 | . . 30 30 40 19 Cannon 42 | . . . 1 41 . Launcher 23 | . . . 10 13 . Special 8 | . . . 7 . 1 Kinetic 88 | . . 30 9 35 14 Thermal 35 | . . . 18 16 1 Explosive 23 | . . . 10 13 . Electromagnetic 46 | . . . 11 30 5 Robot Hit Streak 16 | . . 9 16 8 9 Robot Miss Streak 6 | . . 3 3 6 3 Penetration Max . | . . . . . . Secondary Targets . | . . . . . . Shots Hit Robots 131 | . . 22 38 54 17 Core Hits 96 | . . 14 30 39 13 Critical Hits . | . . . . . . Critical Kills . | . . . . . . Critical Parts Destroyed . | . . . . . . Melee Attacks . | . . . . . . Impact . | . . . . . . Slashing . | . . . . . . Piercing . | . . . . . . Sneak Attacks . | . . . . . . Combat Hostiles . | . . . . . . Follow-up Attacks . | . . . . . . Damage Inflicted 3329 | . . 179 999 1893 258 Guns 1052 | . . 179 326 296 251 Cannons 473 | . . . . 473 . Explosions 1688 | . . . 568 1120 . Melee . | . . . . . . Ramming 20 | . . . 9 4 7 Kinetic 663 | . . 179 50 234 200 Thermal 564 | . . . 241 323 . Explosive 1508 | . . . 568 940 . Electromagnetic 574 | . . . 131 392 51 Impact . | . . . . . . Slashing . | . . . . . . Piercing . | . . . . . . Highest Corruption 8 | . . . . 8 8 Average Corruption 8 | . . . . 8 8 Corruption Purged . | . . . . . . Effects 38 | . . . . 26 12 Message Errors 6 | . . . . 4 2 Matter Fused 5 | . . . . 3 2 Heat Flow Errors 5 | . . . . 3 2 Energy Discharges 5 | . . . . 3 2 Data Loss (minor) 5 | . . . . 4 1 Data Loss (major) 2 | . . . . 2 . Targeting Errors 10 | . . . . 7 3 Overload Shots . | . . . . . . Overflow Damage 98 | . . . . 98 . Projectiles . | . . . . . . Explosions 98 | . . . . 98 . Melee . | . . . . . . Knockbacks 1 | . . . . 1 . Impact . | . . . . . . Kinetic 1 | . . . . 1 . Secondary . | . . . . . . Self-Inflicted Damage 204 | . . . 56 145 3 Shots 7 | . . . 3 4 . Rammed 2 | . . . . 1 1 Targets Rammed 3 | . . . 1 1 1 Kicked 1 | . . . 1 . . Crushed . | . . . . . . Highest Temperature 497 | . . 5 21 497 169 Average Temperature 125 | . . 5 9 177 58 Received Heat Transfer 1143 | . . 108 162 333 540 Effects 3 | . . . . 3 . Damage (major) 3 | . . . . 3 . Siege Activations . | . . . . . . Robots Corrupted . | . . . . . . Combat Hostiles . | . . . . . . Parts Fried 1 | . . . . 1 . Impact Corruptions . | . . . . . . Robots Melted . | . . . . . . Combat Hostiles . | . . . . . . Parts Melted 1 | . . . 1 . . Heat Transferred 1040 | . . . 570 470 . Parts Sabotaged . | . . . . . . Parts Stolen . | . . . . . . Parts Stripped . | . . . . . . Power Chain Reactions 2 | . . . . 2 . Missiles Intercepted . | . . . . . . Alert | -11 -10 -10 -9 -8 -8 ------- Run | Scr Mat Min Mat Mat Sto Peak Influence 458 | . 11 120 387 458 149 Average Influence 119 | . 3 87 236 233 95 Maximum Alert Level 2 | . . . 1 2 . Low Security (%) 51 | 100 100 100 44 40 100 Level 1 40 | . . . 55 42 . Level 2 7 | . . . . 18 . Level 3 . | . . . . . . Level 4 . | . . . . . . Level 5 . | . . . . . . High Security . | . . . . . . Max Security . | . . . . . . Squads Dispatched 11 | . . . 5 3 3 Investigation 2 | . . . 2 . . Extermination . | . . . . . . Reinforcement 7 | . . . 3 2 2 Assault . | . . . . . . Garrison 2 | . . . . 1 1 Intercept . | . . . . . . Construction Impeded 1 | . . . . 1 . Haulers Reinforced . | . . . . . . Stealth | -11 -10 -10 -9 -8 -8 --------- Run | Scr Mat Min Mat Mat Sto Distress Signals 7 | . . . . 2 5 Communications Jammed . | . . . . . . Distress Signals . | . . . . . . Times Spotted 75 | . . 4 27 22 22 Peak Tracking Total 14 | . . 2 6 5 14 Tactical Retreats 5 | . . . . 2 3 Traps | -11 -10 -10 -9 -8 -8 ------- Run | Scr Mat Min Mat Mat Sto Traps Triggered . | . . . . . . Indirectly . | . . . . . . Trap Hack Attempts . | . . . . . . Triggered . | . . . . . . Disarmed . | . . . . . . Reprogrammed . | . . . . . . Reused . | . . . . . . Traps Extracted . | . . . . . . Installed . | . . . . . . Triggered . | . . . . . . Machines | -11 -10 -10 -9 -8 -8 ---------- Run | Scr Mat Min Mat Mat Sto Machines Disabled 8 | . . . 2 5 1 Max in Single Turn 2 | . . . 1 2 1 Garrison Access 1 | . . . . 1 . Machines Sabotaged . | . . . . . . Garrisons Compromised . | . . . . . . Overloaded Fab Kills . | . . . . . . Fab Network Shutdowns . | . . . . . . Hacking | -11 -10 -10 -9 -8 -8 --------- Run | Scr Mat Min Mat Mat Sto Machines Accessed 7 | . 3 . 2 1 1 Terminals 4 | . 2 . 1 . 1 Fabricators . | . . . . . . Repair Stations . | . . . . . . Recycling Units 1 | . 1 . . . . Scanalyzers 1 | . . . 1 . . Garrison Access 1 | . . . . 1 . Total Hacks 23 | . 7 . 12 1 3 Successful 18 | . 5 . 11 1 1 Failed 4 | . 2 . . . 2 Catastrophic . | . . . . . . Database Lockouts 1 | . . . 1 . . Manual . | . . . . . . Terminals 12 | . 5 . 4 . 3 Fabricators . | . . . . . . Repair Stations . | . . . . . . Recycling Units 2 | . 2 . . . . Scanalyzers 8 | . . . 8 . . Garrison Access 1 | . . . . 1 . Terminal Hacks 9 | . 5 . 3 . 1 Record 6 | . 3 . 3 . . Open Door 1 | . . . . . 1 Alert Level 1 | . 1 . . . . Locate Traps 1 | . 1 . . . . Fabricator Hacks . | . . . . . . Repair Station Hacks . | . . . . . . Recycling Unit Hacks . | . . . . . . Scanalyzer 8 | . . . 8 . . Insert Component 4 | . . . 4 . . Analyze 4 | . . . 4 . . Garrison Access Hacks 1 | . . . . 1 . Seal Access 1 | . . . . 1 . Unauthorized Hacks . | . . . . . . Terminals . | . . . . . . Fabricators . | . . . . . . Repair Stations . | . . . . . . Recycling Units . | . . . . . . Scanalyzers . | . . . . . . Garrison Access . | . . . . . . Data Cores Recovered . | . . . . . . Used . | . . . . . . Hacking Detections 5 | . 3 . 2 . . Full Trace Events 2 | . 1 . 1 . . Feedback Events . | . . . . . . Feedback Blocked . | . . . . . . Robot Schematics Acquired . | . . . . . . Robots Built . | . . . . . . Matter . | . . . . . . Time . | . . . . . . Total Robot Build Rating . | . . . . . . Part Schematics Acquired 4 | . . . 4 . . Parts Built . | . . . . . . Matter . | . . . . . . Time . | . . . . . . Total Part Build Rating . | . . . . . . Parts Repaired . | . . . . . . Time . | . . . . . . Parts Recycled . | . . . . . . Recycled Matter . | . . . . . . Retrieved Matter . | . . . . . . Retrieved Components . | . . . . . . Parts Scanalyzed 4 | . . . 4 . . Part Schematics Acquired 4 | . . . 4 . . Parts Damaged . | . . . . . . Bothacking | -11 -10 -10 -9 -8 -8 ------------ Run | Scr Mat Min Mat Mat Sto Used RIF Installer . | . . . . . . Robots Hacked . | . . . . . . Non-combat . | . . . . . . Combat . | . . . . . . Robot Hacks Applied . | . . . . . . Relay Couplers Released . | . . . . . . Robots Rewired . | . . . . . . Allies Hacked . | . . . . . . Hacks Repelled . | . . . . . . Allies | -11 -10 -10 -9 -8 -8 -------- Run | Scr Mat Min Mat Mat Sto Total Allies . | . . . . . . Largest Group . | . . . . . . Highest-Rated Group . | . . . . . . Highest-Rated Ally . | . . . . . . Total Orders 1 | . . . . . 1 EXPLORE 1 | . . . . . 1 Ally Attacks . | . . . . . . Total Damage . | . . . . . . Kills . | . . . . . . Allies Corrupted . | . . . . . . Allies Melted . | . . . . . . Intel | -11 -10 -10 -9 -8 -8 ------- Run | Scr Mat Min Mat Mat Sto Robot Analysis Total . | . . . . . . Derelict Logs Recovered . | . . . . . . Drone Launches 14 | . . . . . 14 Drone Recoveries . | . . . . . . Exploration | -11 -10 -10 -9 -8 -8 ------------- Run | Scr Mat Min Mat Mat Sto Turns Passed 3732 | 991 490 272 803 850 326 Spaces Moved 1830 | 481 245 163 389 420 132 Core 718 | 481 231 . . 6 . Treads . | . . . . . . Legs 846 | . 14 163 389 280 . Wheels . | . . . . . . Hover 124 | . . . . 87 37 Flight 142 | . . . . 47 95 Fastest Speed 48 | 50 120 120 150 48 52 Average Speed 161 | 196 195 120 150 140 116 Slowest Speed 450 | 200 200 120 150 450 200 Overloaded Moves . | . . . . . . Propulsion Burnouts . | . . . . . . Robots Hopped . | . . . . . . Cave-ins Triggered . | . . . . . . Exploration Rate (%) 34 | 28 29 31 24 25 68 Regions Visited 5 Branch Regions 2 Pre-discovered Areas . | . . . . . . Known Exits Taken . | . . . . . . Unknown Exits Taken 5 | 1 1 1 1 1 . Scrap Searched 2 | . . 2 . . . Spaces Dug 3 | . . . 2 . 1 Terrain Destroyed 192 | . . . 64 127 1 Melee . | . . . . . . Projectile 4 | . . . 3 . 1 AOE 188 | . . . 61 127 . Actions | -11 -10 -10 -9 -8 -8 --------- Run | Scr Mat Min Mat Mat Sto Total 2415 | 526 256 215 545 590 283 Wait 313 | 34 7 22 86 64 100 Move 1825 | 480 244 162 388 419 132 Hop . | . . . . . . Pick Up 54 | 8 2 6 16 21 1 Fast Attach 9 | . . . . 1 8 Attach 42 | 4 3 . 8 16 11 Detach 4 | . . . 3 1 . Swap 23 | . . 6 10 5 2 Drop 32 | . . 4 5 13 10 Fire 110 | . . 15 28 49 18 Melee . | . . . . . . Ram 1 | . . . . . 1 Kick 2 | . . . 1 1 . Crush . | . . . . . . Escape Stasis . | . . . . . . Rewire . | . . . . . . Trap . | . . . . . . Miscellaneous . | . . . . . . Route ------- -11/Scrapyard -10/Materials -10/Mines -9/Materials -8/Materials -8/Storage History --------- Turn | Location | Event 5 | -11/Scrapyard | Discovered new exit (range 15) 992 | -11/Scrapyard | Entered Materials 993 | -10/Materials | Build established: Mutant 1342 | -10/Materials | Discovered new exit (range 16) 1482 | -10/Materials | Entered Mines 1710 | -10/Mines | Discovered new exit (range 5) 1754 | -10/Mines | Entered Materials 1754 | -9/Materials | Evolved 2 slots: Propulsion x1, Utility x1 2138 | -9/Materials | Central database locked down 2552 | -9/Materials | Discovered new exit (range 3) 2557 | -9/Materials | Entered another Materials area 2557 | -8/Materials | Evolved 2 slots: Propulsion x1, Utility x1 2703 | -8/Materials | Lost 3 parts (3n) 3064 | -8/Materials | Lost 3 parts (1p1u1w) 3180 | -8/Materials | Garrison activated, responded to threat 3225 | -8/Materials | Destroyed 8 combat bots 3363 | -8/Materials | Discovered new exit (range 8) 3407 | -8/Materials | Entered Storage 3648 | -8/Storage | Garrison activated, responded to threat 3655 | -8/Storage | Core integrity fell below 50% 3691 | -8/Storage | Core integrity fell below 20% 3717 | -8/Storage | Lost 13 parts (1p6n3u3w) 3733 | -8/Storage | Destroyed by G-47 Trooper with Particle Gun Last Messages --------------- 03662_ Acquired Aluminum Leg. 03662_ Hpw. Shotgun destroyed. 03663_ Acquired 44 matter. 03664_ K-01 Serf collects debris. 03665_ Acquired 46 matter. 03667_ K-01 Serf collects debris. 03668_ Rnf. Ion Engine destroyed. 03669_ U-05 Engineer destroyed. 03669_ Armor Integrity Analyzer destroyed. 03669_ Structural Scanner destroyed. 03669_ Sml. Storage Unit destroyed. 03670_ K-01 Serf collects debris. 03670_ Xenon Bombardment Thruster destroyed. 03675_ Dropped Xenon Bombardment Thruster. 03679_ Gravmag System destroyed. 03704_ System corrupted: Heat flow error (+159). 03713_ R-06 Scavenger inserts Beam Rifle into recycling unit. 03716_ R-06 Scavenger inserts Heat Sink into recycling unit. 03717_ Recycling unit begins recycling process. 03729_ Reflective Plating destroyed. Map ----- +----------------------------------------------------+ | ???#** " # | | ???#** + | | ???# " # | | ???#*** #T####+#/######+############+##### | | ???#*** ###?# # #???#! ! # | | ???######?### """# #???# % # | | ??????????#"" """# #???# ! # | | ??????????#"" """# #???# # | | ??????????#"T # """"#???# # | | ??????????#"" """# """"#???#! # | | ??????????#"" """# """"#???# ! # | | ??????????### """# """"#???# # | | ????????????# # % % #???# # | | ????????????#############+################ | | ???????????#### """ # | | ???????????#""" "R" # | | ???????????#"R " " # | | ???????????#""" # #####+######### | | ???????????# "" + # = % #?# | | ??????????????# %/ # # #?# | | ??????????????# / # # #?# | | ??????????????# / !# # """ """ #?# | | ??????????????# # # """ """ #?# | | ??????????????###### ### # """ """ ### | | ?????????????########### # ## | | ?????????????# @ b # ############### | | ?????????????# gY#% #????????# | | ????????????## """ """Y# ########## | | ????????????# """ """ + # + | | ????????????##g"""g"""g# # # | | ?????????????# Y # # "" " # | | ?????????????# Y # # """" # | | ?????????????# Y # # """" # | | ?????????????##"Y"###### """ # """" # | | ??????????????#"""?????# """ / % / | | ??????????????####?????# """ # # | | ???????????????????????# """ # # | | ???????????????????????# """ ########## | | ???????????????????????# # # | | ???????????????????????# # """ T # | | ???????????????????????# """ %# """ # | | ???????????????????????# """ / """ " | | ???????????????????????# """ # T | | ??????????????????????## """ # """ " | | ??????????????####+#### """ # """ # | | ????????????? # """ | | ????????????? # # | | ?????????????? ![ %########## | | ????????????????##+#### ![ #????????? | | ??????????????????????### ! #????????? | +----------------------------------------------------+ Best States ------------- Heat Dissipation 45 Energy Generation 14 Energy Capacity 265 Matter Stores 300 Matter Capacity 300 Sight Range 16 Terrain Scan Density 10 Armor Coverage 150 Resistance: TH 10 Evasion (%) 55 Armor Integrity Analysis 33 Item Schematics ----------------- Aluminum Leg | -9/Materials | Scanalyzed Ion Engine | -9/Materials | Scanalyzed Mining Laser | -9/Materials | Scanalyzed Lgt. Assault Rifle | -9/Materials | Scanalyzed Robot Schematics ------------------ None Fabricated ------------ Nothing Alien Tech Used ----------------- None Achievements -------------- Troublemaker Challenges ------------ None Game ------ Seed ImprovedTransportBoomstick Manual? 0 Play Time 01:10:57 Cumulative 8.4 hours Start 2020.02.01 @ 08:58:40 End 2020.02.01 @ 10:18:26 Sessions 1 Manual Loads 0 Difficulty Rogue Special Mode None Game No. 5 Rogue 5 Adventurer 0 Explorer 0 Win Type - Total 0 Types 0/0/0/0/0/0/0 Lore% 7 Gallery% 11 Achievement% 10 Wizard Run 0 Options --------- ASCII 0 Keyboard 0 Movement Numpad Keybinds 0 Fullscreen 1 Font 12/Smallcaps Map View 83x54 Tactical HUD 1 Map Filters NONE Filters NONE Steam 1 RUN: ffae8c5e-bb7a-44e4-8e8f-949783107c43